Cogmind - Beta 10.2 @@@ ROGUE MODE // 2020.12.20 @ 11:04:51 Player: WeirdFoe Result: Destroyed by S-27 Virus with Autogun Performance ------------- Evolutions (1) 500 Regions Visited (5) 1000 Robots Destroyed (24) 120 Value Destroyed (802) 802 Prototype IDs (0) 0 Alien Tech Used (0) 0 Bonus (575) 575 TOTAL SCORE: 2997 Bonus ------- Follower Combat Kills 116 Met Imprinter 300 Was Imprinted 300 Friendly Fire -141 Cogmind --------- Core Integrity 0/400 Matter 367/500 Energy 100/100 System Corruption 0% Temperature Cool (0) Movement Walking (120) Location -6/Proximity Caves Parts ------- > --- POWER (1) -------- (None) > --- PROPULSION (2) --- Aluminum Leg Aluminum Leg > --- UTILITY (4) ------ Medium Storage Unit High-capacity Matter Pod Improved Targeting Computer > --- WEAPON (2) ------- Autogun > --- INVENTORY (8) ---- Ion Engine Ion Engine Improved Medium Treads Medium Battery (200) Peak State ------------ > --- POWER ------------ Reinforced Deuterium Engine > --- PROPULSION ------- Armored Treads Improved Medium Treads > --- UTILITY ---------- Medium Storage Unit 0b10 Decoder Chip [Generic] Improved Targeting Computer Medium Reactive Plating > --- WEAPON ----------- Gauss Cannon Heavy Rocket Launcher > --- INVENTORY -------- Ion Engine Ion Engine Aluminum Leg Aluminum Leg Improved Cooling System Medium Battery High-capacity Matter Pod Light Assault Rifle [Rating: 33] Favorites ----------- Power Ion Engine Engine Ion Engine Propulsion Light Treads Treads Light Treads Leg Aluminum Leg Wheel Compact Wheel Utility Medium Storage Unit Device Tractor Beam Storage Medium Storage Unit Processor 0b10 Decoder Chip [Generic] Protection Medium Armor Plating Weapon Light Assault Rifle Energy Gun Particle Gun Ballistic Gun Light Assault Rifle Ballistic Cannon Gauss Cannon Launcher Heavy Rocket Launcher Special Weapon Mining Laser Build | -11 -10 -9 -9 -7 -6 ------- Run | Scr Mat Mat Min Zio Pro Slots Evolved 2 | . . 2 . . . Power . | . . . . . . Propulsion . | . . . . . . Utility 2 | . . 2 . . . Weapon . | . . . . . . Parts Attached 39 | 9 3 6 5 2 14 Power 4 | 2 1 . . . 1 Engine 4 | 2 1 . . . 1 Core . | . . . . . . Reactor . | . . . . . . Propulsion 8 | 2 . . 2 . 4 Treads 4 | . . . 2 . 2 Leg 2 | . . . . . 2 Wheel 2 | 2 . . . . . Hover . | . . . . . . Flight . | . . . . . . Utility 14 | 2 1 4 2 2 3 Device 4 | 1 . 1 1 . 1 Storage 5 | 1 . 2 1 . 1 Processor 3 | . 1 . . 2 . Hackware . | . . . . . . Protection 2 | . . 1 . . 1 Artifact . | . . . . . . Weapon 13 | 3 1 2 1 . 6 Energy Gun 2 | 1 1 . . . . Energy Cannon . | . . . . . . Ballistic Gun 7 | 2 . 1 . . 4 Ballistic Cannon 1 | . . . 1 . . Launcher 2 | . . . . . 2 Special Weapon 1 | . . 1 . . . Impact Weapon . | . . . . . . Slashing Weapon . | . . . . . . Piercing Weapon . | . . . . . . Special Melee Weapon . | . . . . . . Unidentified Prototypes . | . . . . . . Parts Lost 10 | . 1 1 . . 8 Power 2 | . 1 . . . 1 Propulsion 1 | . . . . . 1 Utility 3 | . . . . . 3 Weapon 4 | . . 1 . . 3 Highest Loss Streak 4 | . 1 1 . . 4 Average Slot Usage (%) 99 | . 100 99 99 100 96 Engine 11 | . 14 11 11 11 10 Treads 19 | . . . 20 22 19 Wheel 2 | . 28 22 . . . Device 2 | . 2 5 7 . 3 Storage 13 | . 14 22 14 12 15 Processor 17 | . 11 11 11 20 16 Protection 9 | . . 5 11 11 6 Ballistic Gun 11 | . 24 11 11 11 11 Ballistic Cannon 9 | . . . 10 11 9 Naked Turns . | . . . . . . Heaviest Build 57 | 12 13 26 32 32 57 Greatest Support 50 | 26 26 26 48 48 50 Greatest Overweight (x) 1 | . . . 1 . 1 Average Overweight (x) . | . . . . . . Largest Inventory Capacity 8 | 6 6 8 8 8 8 Average Capacity 7 | 4 6 7 8 8 8 Most Carried 8 | 4 6 6 8 8 8 Average Carried 7 | 2 4 4 7 7 6 Final Capacity 8 | 6 6 8 8 8 8 Final Carried 8 | 4 6 6 8 8 4 Class Distribution -------------------- 87% | Mutant 12% | Scavenger-Mutant Dominant Class ---------------- Mutant | -10/Materials Mutant | -9/Materials Mutant | -9/Mines Mutant | -7/Zion Scavenger-Mutant | -6/Proximity Caves Resources | -11 -10 -9 -9 -7 -6 ----------- Run | Scr Mat Mat Min Zio Pro Matter Collected 1113 | 298 51 22 120 126 496 Remotely 315 | 195 . . 120 . . Salvage Created 781 | 71 97 42 111 . 460 Parts 32 | 3 4 8 4 . 13 Haulers Intercepted . | . . . . . . Recyclers Shooed . | . . . . . . Parts Field Recycled . | . . . . . . Retrieved Matter . | . . . . . . Parts Self-Destructed 9 | . . . . 2 7 Prevented 15 | . . . . . 15 Kills | -11 -10 -9 -9 -7 -6 ------- Run | Scr Mat Mat Min Zio Pro Combat Hostiles Destroyed 20 | . 2 3 2 . 13 Guns 14 | . 2 3 1 . 8 Cannons 3 | . . . 1 . 2 AOE 3 | . . . . . 3 Classes Destroyed 6 | 2 1 1 . . 2 Tunneler 1 | 1 . . . . . Recycler 2 | 1 . . 1 . . Swarmer 7 | . . 3 . . 4 Grunt 12 | . 2 . 2 . 8 Duelist 1 | . . . . . 1 Hunter 1 | . . . . . 1 Best Kill Streak 4 | 2 1 3 2 . 4 Combat Bots Only 4 | . 1 3 2 . 4 Max Kills in Single Turn 2 | 1 1 2 1 . 2 Gunslinging 1 | . . 1 . . . Exploded 2 | . . . . . 2 Melee . | . . . . . . Uniques/NPCs Destroyed . | . . . . . . Combat | -11 -10 -9 -9 -7 -6 -------- Run | Scr Mat Mat Min Zio Pro Damage Taken 2647 | . 234 129 96 . 2188 Core 443 | . 33 14 28 . 368 Absorbed by Shields . | . . . . . . Core Remaining (%) 93 | 100 86 . . . . Volleys Fired 82 | 4 13 5 6 . 54 Largest 2 | 2 2 2 2 . 2 Hottest 87 | 40 40 85 68 . 87 Shots Fired 143 | 8 26 9 12 . 88 Gun 100 | 8 26 9 6 . 51 Cannon 36 | . . . 6 . 30 Launcher 7 | . . . . . 7 Special . | . . . . . . Kinetic 132 | 8 26 5 12 . 81 Thermal 4 | . . 4 . . . Explosive 7 | . . . . . 7 Electromagnetic . | . . . . . . Robot Hit Streak 12 | 3 12 5 10 . 12 Robot Miss Streak 3 | 1 2 1 1 . 3 Penetration Max 1 | . . . 1 . . Secondary Targets 1 | . . 1 . . . Max Gunslinging Chain 1 | . . 1 . . . Shots Hit Robots 100 | 5 21 6 10 . 58 Core Hits 56 | 3 7 3 5 . 38 Critical Hits 2 | . . . . . 2 Critical Kills . | . . . . . . Critical Parts Destroyed 2 | . . . . . 2 Melee Attacks . | . . . . . . Impact . | . . . . . . Slashing . | . . . . . . Piercing . | . . . . . . Sneak Attacks . | . . . . . . Combat Hostiles . | . . . . . . Follow-up Attacks . | . . . . . . Damage Inflicted 2005 | 42 148 40 184 . 1591 Guns 783 | 42 148 40 41 . 512 Cannons 514 | . . . 143 . 371 Explosions 708 | . . . . . 708 Melee . | . . . . . . Ramming . | . . . . . . Kinetic 1266 | 42 148 9 184 . 883 Thermal 31 | . . 31 . . . Explosive 708 | . . . . . 708 Electromagnetic . | . . . . . . Impact . | . . . . . . Slashing . | . . . . . . Piercing . | . . . . . . Highest Corruption . | . . . . . . Average Corruption . | . . . . . . Corruption Purged . | . . . . . . Overload Shots . | . . . . . . Overflow Damage . | . . . . . . Projectiles . | . . . . . . Explosions . | . . . . . . Melee . | . . . . . . Knockbacks 8 | . . . 2 . 6 Impact . | . . . . . . Kinetic 8 | . . . 2 . 6 Secondary . | . . . . . . Self-Inflicted Damage 10 | . . . . . 10 Shots 1 | . . . . . 1 Rammed . | . . . . . . Targets Rammed . | . . . . . . Kicked . | . . . . . . Crushed . | . . . . . . Highest Temperature 362 | . 18 68 116 . 362 Average Temperature 78 | . 9 32 52 . 104 Received Heat Transfer 795 | . 129 18 45 . 603 Siege Activations . | . . . . . . Robots Corrupted . | . . . . . . Combat Hostiles . | . . . . . . Parts Fried 1 | . . . . . 1 Impact Corruptions . | . . . . . . Robots Melted . | . . . . . . Combat Hostiles . | . . . . . . Parts Melted . | . . . . . . Heat Transferred 74 | . . 74 . . . Parts Sabotaged . | . . . . . . Parts Stolen . | . . . . . . Parts Stripped . | . . . . . . Power Chain Reactions . | . . . . . . Missiles Intercepted . | . . . . . . Alert | -11 -10 -9 -9 -7 -6 ------- Run | Scr Mat Mat Min Zio Pro Peak Influence 116 | 10 74 116 95 . . Initial 40 | . 6 31 40 . . Average 62 | 1 40 58 79 . . Maximum Alert Level . | . . . . . . Low Security (%) 100 | 100 100 100 100 . . Level 1 . | . . . . . . Level 2 . | . . . . . . Level 3 . | . . . . . . Level 4 . | . . . . . . Level 5 . | . . . . . . High Security . | . . . . . . Max Security . | . . . . . . Squads Dispatched 2 | . . 1 . . 1 Investigation . | . . . . . . Extermination . | . . . . . . Reinforcement 1 | . . 1 . . . Assault 1 | . . . . . 1 Garrison . | . . . . . . Intercept . | . . . . . . Construction Impeded . | . . . . . . Haulers Reinforced . | . . . . . . Stealth | -11 -10 -9 -9 -7 -6 --------- Run | Scr Mat Mat Min Zio Pro Distress Signals 3 | . . 3 . . . Communications Jammed . | . . . . . . Distress Signals . | . . . . . . Times Spotted 33 | . 2 4 2 . 25 Peak Tracking Total 10 | . 2 3 2 . 10 Tactical Retreats 1 | . . . . . 1 Traps | -11 -10 -9 -9 -7 -6 ------- Run | Scr Mat Mat Min Zio Pro Traps Triggered . | . . . . . . Indirectly . | . . . . . . Trap Hack Attempts . | . . . . . . Triggered . | . . . . . . Disarmed . | . . . . . . Reprogrammed . | . . . . . . Reused . | . . . . . . Traps Extracted . | . . . . . . Installed . | . . . . . . Triggered . | . . . . . . Machines | -11 -10 -9 -9 -7 -6 ---------- Run | Scr Mat Mat Min Zio Pro Machines Disabled . | . . . . . . Max in Single Turn . | . . . . . . Machines Sabotaged . | . . . . . . Garrisons Compromised . | . . . . . . Overloaded Fab Kills . | . . . . . . Fab Network Shutdowns . | . . . . . . Hacking | -11 -10 -9 -9 -7 -6 --------- Run | Scr Mat Mat Min Zio Pro Machines Accessed 2 | . 1 . 1 . . Terminals 1 | . 1 . . . . Fabricators . | . . . . . . Repair Stations . | . . . . . . Recycling Units . | . . . . . . Scanalyzers . | . . . . . . Garrison Access . | . . . . . . Total Hacks 4 | . 3 . 1 . . Successful 3 | . 2 . 1 . . Failed 1 | . 1 . . . . Catastrophic . | . . . . . . Database Lockouts . | . . . . . . Manual 1 | . . . . 1 . Terminals 3 | . 3 . . . . Fabricators . | . . . . . . Repair Stations . | . . . . . . Recycling Units . | . . . . . . Scanalyzers . | . . . . . . Garrison Access . | . . . . . . Terminal Hacks 3 | . 2 . 1 . . Open Door 1 | . . . 1 . . Emergency Access Points 1 | . 1 . . . . Locate Traps 1 | . 1 . . . . Fabricator Hacks . | . . . . . . Repair Station Hacks . | . . . . . . Recycling Unit Hacks . | . . . . . . Scanalyzer . | . . . . . . Garrison Access Hacks . | . . . . . . Unauthorized Hacks . | . . . . . . Terminals . | . . . . . . Fabricators . | . . . . . . Repair Stations . | . . . . . . Recycling Units . | . . . . . . Scanalyzers . | . . . . . . Garrison Access . | . . . . . . Data Cores Recovered . | . . . . . . Used . | . . . . . . Hacking Detections 1 | . 1 . . . . Full Trace Events . | . . . . . . Feedback Events . | . . . . . . Feedback Blocked . | . . . . . . Robot Schematics Acquired . | . . . . . . Robots Built . | . . . . . . Matter . | . . . . . . Time . | . . . . . . Total Robot Build Rating . | . . . . . . Part Schematics Acquired . | . . . . . . Parts Built . | . . . . . . Matter . | . . . . . . Time . | . . . . . . Total Part Build Rating . | . . . . . . Parts Repaired . | . . . . . . Time . | . . . . . . Parts Recycled . | . . . . . . Recycled Matter . | . . . . . . Retrieved Matter . | . . . . . . Retrieved Components . | . . . . . . Parts Scanalyzed . | . . . . . . Part Schematics Acquired . | . . . . . . Parts Damaged . | . . . . . . Bothacking | -11 -10 -9 -9 -7 -6 ------------ Run | Scr Mat Mat Min Zio Pro Used RIF Installer . | . . . . . . Robots Hacked . | . . . . . . Non-combat . | . . . . . . Combat . | . . . . . . Robot Hacks Applied . | . . . . . . Relay Couplers Released . | . . . . . . Robots Rewired . | . . . . . . Allies Hacked . | . . . . . . Hacks Repelled . | . . . . . . Allies | -11 -10 -9 -9 -7 -6 -------- Run | Scr Mat Mat Min Zio Pro Total Allies 7 | . . . 3 4 . Largest Group 6 | . . . 3 6 6 Highest-Rated Group 180 | . . . 40 180 180 Highest-Rated Ally 38 | . . . 16 38 38 Total Orders . | . . . . . . Ally Attacks 19 | . . . . . 19 Total Damage 827 | . . . . . 827 Kills 5 | . . . . . 5 Allies Corrupted . | . . . . . . Allies Melted . | . . . . . . Intel | -11 -10 -9 -9 -7 -6 ------- Run | Scr Mat Mat Min Zio Pro Robot Analysis Total . | . . . . . . Derelict Logs Recovered 4 | . . . . 2 2 Drone Launches . | . . . . . . Drone Recoveries . | . . . . . . Exploration | -11 -10 -9 -9 -7 -6 ------------- Run | Scr Mat Mat Min Zio Pro Turns Passed 2807 | 63 119 124 401 1444 656 Spaces Moved 1650 | 41 75 104 231 896 303 Core 2 | 2 . . . . . Treads 1394 | . . . 223 896 275 Legs 28 | . . . . . 28 Wheels 226 | 39 75 104 8 . . Hover . | . . . . . . Flight . | . . . . . . Fastest Speed 50 | 50 90 90 90 160 150 Average Speed 151 | 88 90 90 157 160 164 Slowest Speed 185 | 100 90 90 160 160 185 Overloaded Moves . | . . . . . . Propulsion Burnouts . | . . . . . . Robots Hopped . | . . . . . . Cave-ins Triggered . | . . . . . . Exploration Rate (%) 36 | 4 20 14 46 85 51 Regions Visited 5 Branch Regions 3 Pre-discovered Areas 1 | . . . . 1 . Known Exits Taken . | . . . . . . Unknown Exits Taken 5 | 1 1 1 1 1 . Scrap Searched 7 | . . . 1 4 2 Spaces Dug . | . . . . . . Terrain Destroyed 84 | . . . 2 . 82 Melee . | . . . . . . Projectile 9 | . . . 2 . 7 AOE 75 | . . . . . 75 Terrain Rammed . | . . . . . . Walls Destroyed . | . . . . . . Machines Disabled . | . . . . . . Actions | -11 -10 -9 -9 -7 -6 --------- Run | Scr Mat Mat Min Zio Pro Total 1831 | 56 105 125 260 908 377 Wait 26 | . 9 9 6 1 1 Move 1645 | 40 74 103 230 895 303 Hop . | . . . . . . Pick Up 18 | 3 4 . 5 5 1 Fast Attach 18 | 7 1 3 3 . 4 Attach 9 | . 1 2 2 . 4 Detach 3 | . . 1 2 . . Swap 12 | 2 1 1 . 2 6 Drop 18 | . 2 1 6 5 4 Fire 82 | 4 13 5 6 . 54 Melee . | . . . . . . Ram . | . . . . . . Kick . | . . . . . . Crush . | . . . . . . Escape Stasis . | . . . . . . Rewire . | . . . . . . Trap . | . . . . . . Miscellaneous . | . . . . . . Route ------- -11/Scrapyard -10/Materials -9/Materials -9/Mines (discovered 2 exits: [*Mat] / *Zio) -7/Zion -6/Proximity Caves History --------- Turn | Location | Event 13 | -11/Scrapyard | Discovered new exit (range 15) 64 | -11/Scrapyard | Entered Materials 181 | -10/Materials | Discovered new exit (range 3) 183 | -10/Materials | Entered another Materials area 183 | -9/Materials | Evolved 2 slots: Utility x2 299 | -9/Materials | Discovered new exit (range 6) 301 | -9/Materials | Build established: Mutant 307 | -9/Materials | Entered Mines 312 | -9/Mines | Met a Derelict who couldn't figure out how to use a Trap Extractor 445 | -9/Mines | A Derelict revealed a hidden shortcut to a safe place 540 | -9/Mines | Assisted by bots powering up and referring to "LRC-V3" 641 | -9/Mines | Discovered new exit (range 8) 708 | -9/Mines | Entered Zion 708 | -7/Zion | Accompanied by 2 allies 1172 | -7/Zion | Given the Hacking Drone Bay 1328 | -7/Zion | Learned Factory trap positions 1589 | -7/Zion | Learned 4 Factory zone layouts 1645 | -7/Zion | Imprinted 1648 | -7/Zion | Declared Zion's savior 1792 | -7/Zion | Learned Factory garrison access intel 2112 | -7/Zion | Discovered new exit (range 13) 2152 | -7/Zion | Entered Proximity Caves 2152 | -6/Proximity Caves | Accompanied by 6 allies 2221 | -6/Proximity Caves | Learned Factory emergency access door positions 2350 | -6/Proximity Caves | Spotted B-75 Beast 2549 | -6/Proximity Caves | Core integrity fell below 50% 2756 | -6/Proximity Caves | Lost 4 parts (1n1u2w) 2780 | -6/Proximity Caves | Attracted the attention of an 0b10 outpost 2797 | -6/Proximity Caves | Core integrity fell below 20% 2808 | -6/Proximity Caves | Destroyed by S-27 Virus with Autogun Last Messages --------------- Arm. Treads destroyed. S-27 Virus destroyed. VTOL Module fries itself beyond repair. Acquired 20 matter. Acquired 22 matter. Acquired Autogun. Acquired 23 matter. Dropped Imp. Medium Treads. Acquired Imp. Medium Treads. Penetrated by Slug. G-50 Soldier springs to life. S-27 Virus springs to life. Y-64 Sentinel: "DETECTED UNIDENTIFIED DERELICT." G-50 Soldier springs to life. Y-64 Sentinel: "REQUESTING BACKUP." Lgt. Assault Rifle destroyed. Rnf. Deuterium Engine destroyed. S-27 Virus destroyed. G-50 Soldier destroyed. Penetrated by Slug. Map ----- +----------------------------------------------------+ | #????????????????????????????????????????????????? | | ##???????????????????????????????????????????????? | | ##??????????????????????????????????????????????? | | ##?????????????????????????????????????????????? | | #?????????????????????????????????????????????? | | ####?????????????????????????????????????????????? | | ?????????????????????????????????????????????????? | | ?????????????????????????????????????????????????? | | ?????????????????????????????????????????????????? | | ?????????????????????????????????????????????????? | | #####????????????????????????????????????????????? | | # ##???????????????????????????????????????????? | | ###????#????????????????????????????????????? | | ##### ????????????????????????????????????? | | #???????????#????????????????????????? | | # #??????????? ##??????????????????????? | | # #? #??????????? ??????????????????????? | | # #??# ##?????????? ??????????????????????? | | #### ##????????? ??????????????????????? | | ## #?###????? #??????????????????????? | | #?# ###???#b#??????????????????????? | | ##?# ###?# #?????????##???????????? | | ####### ### #???????? #?""????????? | | "" ## ##### ##%g??????? # "???????? | | """ ### ##Y#??????# ????????? | | """ ### #?#@#????? ??????????? | | " ## #??# #???? #???????????? | | # #??# #??? #???????????? | | ## #??# #??# #####????????? | | # #### ####s### ?????? | | # ##??# #??????????? | | ##???## ?????? | | #?????### ######## # ?????? | | ????????# ##??????? #?????##??????? | | #### ???????# ##????????? # #?????????????? | | ???## ???????# ##???????????#?##?????????????? | | ????# ???????## ##?????????????????????????????? | | ????# ????????###??????????????????????????????? | | ????####?????????????????????????????????????????? | | ?????????????????????????????????????????????????? | | ?????????????????????????????????????????????????? | | ?????????????????????????????????????????????????? | | ?????????????????????????????????????????????????? | | ?????????????????????????????????????????????????? | | ?????????????????????????????????????????????????? | | ?????????????????????????????????????????????????? | | ?????????????????????????????????????????????????? | | ?????????????????????????????????????????????????? | | ?????????????????????????????????????????????????? | | ?????????????????????????????????????????????????? | +----------------------------------------------------+ Best States ------------- Heat Dissipation 55 Energy Generation 16 Energy Capacity 450 Matter Stores 417 Matter Capacity 500 Sight Range 16 Terrain Scan Density 10 Armor Coverage 225 Resistance: KI 30 Evasion (%) 42 Targeting Accuracy 6 Recoil Reduction 2 Item Schematics ----------------- None Robot Schematics ------------------ None Fabricated ------------ Nothing Alien Tech Used ----------------- None Achievements -------------- Backstab Robot Respite The One Challenges ------------ None Game ------ Seed AntimatterTachyonShifter Manual? 0 Play Time 00:34:17 Cumulative 3.7 hours Start 2020.12.20 @ 10:30:44 End 2020.12.20 @ 11:04:51 Sessions 1 Manual Loads 0 Difficulty Rogue Special Mode None Game No. 4 Rogue 4 Adventurer 0 Explorer 0 Win Type - Total 0 Types 0/0/0/0/0/0/0/0/0 Lore% 6 Gallery% 15 Achievement% 13 Wizard Run 0 Options --------- ASCII 1 Keyboard 0 Movement Numpad Keybinds 0 Fullscreen 1 Font 18/Terminus Map View 76x50 Tactical HUD 0 Map Filters NONE Filters NONE Steam 0 RUN: 0dee2845-0423-4cc7-bee1-2bdce5e8db9d